 Dungeon Crawl Stone Soup version 0.20-a0-2-g2b0e13a (webtiles) character file.

66 JustSomeDude the Skirmisher (level 3, -3/43 HPs)
             Began as a Demonspawn Fighter on Oct 28, 2016.
             Was a Follower of Trog.
             Slain by Grinder (6 damage)
             ... while paralysed by Grinder
             ... on level 2 of the Dungeon.
             The game lasted 00:02:09 (1278 turns).

JustSomeDude the Skirmisher (Demonspawn Fighter)    Turns: 1278, Time: 00:02:10

Health: -3/43      AC:  6    Str: 22    XL:     3   Next: 96%
Magic:  0/3        EV:  2    Int:  9    God:    Trog [*.....]
Gold:   113        SH:  0    Dex: 12    Spells: 0 memorised, 2 levels left

rFire  . . .     SeeInvis .     a - +0 trident
rCold  . . .     Gourm    .     b - +0 scale mail
rNeg   . . .     Faith    .     c - +0 shield
rPois  .         Spirit   +     (no helmet)
rElec  .         Reflect  .     (no cloak)
rCorr  .         Harm     .     (no gloves)
MR     .....                    (no boots)
Stlth  ..........               (no amulet)
                                (no ring)
                                (no ring)

@: paralysed, berserking, lethally poisoned (-3 -> -3)
A: magic shield, sturdy frame 1
a: Berserk, Burn Spellbooks, Renounce Religion


You were on level 2 of the Dungeon.
You worshipped Trog.
Trog was aware of your devotion.
You were very hungry.

You visited 1 branch of the dungeon, and saw 3 of its levels.

You collected 113 gold pieces.

Inventory:

Hand Weapons
 a - a +0 trident (weapon)
Armour
 b - a +0 scale mail (worn)
 c - a +0 shield (worn)
Jewellery
 j - an uncursed ring of stealth {unknown}
 m - a cursed ring of teleportation {unknown}
 o - an uncursed ring of fire {unknown}
 p - an uncursed amulet of faith {unknown}
Scrolls
 h - a scroll of amnesia {unknown}
 n - a scroll of noise {unknown}
 r - a scroll of identify {unknown}
Potions
 d - a potion of might
 e - a potion of lignification {unknown}
 l - a potion of flight {unknown}
 q - a potion of curing {unknown}
Comestibles
 f - 2 bread rations
 g - a meat ration
 i - 2 beef jerkies
 k - 3 chunks of flesh


   Skills:
 + Level 3.3 Fighting
 + Level 2.6 Polearms
 + Level 3.3 Armour
 + Level 0.3 Dodging
 + Level 2.9 Shields


You had 2 spell levels left.
You didn't know any spells.

Dungeon Overview and Level Annotations

Branches:
Dungeon (3/15)

Altars:
Trog

Annotations:
D:2 Grinder


Innate Abilities, Weirdness & Mutations

When hurt, damage is shared between your health and your magic reserves.
Your movements are slightly less encumbered by armour. (ER -2)


Message History

You writhe in agony.
* * * LOW HITPOINT WARNING * * *
You puncture Grinder!
Grinder is heavily wounded.
You puncture Grinder!
Grinder is almost dead.
The frilled lizard barely misses you.
Grinder drinks a potion.
Grinder is healed!
You puncture Grinder!
Grinder is severely wounded.
The frilled lizard closely misses you. Grinder barely misses you.
You hit Grinder.
Grinder is severely wounded.
You feel sick.
The frilled lizard bites you but does no damage.
Grinder gestures at you.
You suddenly lose the ability to move!
The frilled lizard bites you but does no damage.
Grinder hits you!
You die...

##.........##.######......#..<...
.†..##..#####.....##.............
.#..##..## #####.####....#......
#_#.#....# #..#.............
.#....##.## ##.#.............
.....###..## ####.#.....##......
.[.#.# ##..# ##..........#.......
.#.#.#####.###...l...............
.....##.........@5......#########
........###.#...........###
.....#### #.#.............#
..(..# #..#.........##.# .....#
##.##...#....##.# ###.##
#....####...##.## # #.#
##....#....#..#..# # #.#
##.......#####..#.# # #(#
##...#.##.# ##.#.#


You could see Grinder and a frilled lizard.

Vanquished Creatures
  3 adders (D:2)
  A worm (D:2)
  A dart slug (D:2)
  3 orcs (D:3)
  2 ball pythons (D:1)
  A bat (D:1)
  3 giant cockroaches
  A goblin (D:3)
  6 hobgoblins
  3 kobolds
  3 frilled lizards
  3 rats
30 creatures vanquished.

Vanquished Creatures (others)
  5 toadstools (D:1)
5 creatures vanquished.

Grand Total: 35 creatures vanquished

Notes
Turn   | Place    | Note
-------+----------+-------------------------------------------
     0 | D:1      | JustSomeDude the Demonspawn Fighter began the quest for the Orb.
     0 | D:1      | Reached XP level 1. HP: 18/18 MP: 1/1
   338 | D:1      | Gained mutation: When hurt, damage is shared between your health and your magic reserves. [demonic ancestry]
   338 | D:1      | Reached XP level 2. HP: 24/24 MP: 2/2
   855 | D:2      | Gained mutation: Your movements are slightly less encumbered by armour. (ER -2) [demonic ancestry]
   855 | D:2      | Reached XP level 3. HP: 18/29 MP: 3/3
   885 | D:2      | Found a faded altar of an unknown god.
   904 | D:2      | Became a worshipper of Trog the Wrathful
   904 | D:2      | Reached * piety under Trog
  1266 | D:3      | Noticed Grinder
  1277 | D:2      | Paralysed by Grinder for 5 turns
  1278 | D:2      | Slain by Grinder

Vault maps used:
D:1:      ldierk_walled_garden, minmay_crystal_water
D:2:      ecumenical_altar_1
D:3:      first_bread, corner_web_ring, uniq_grinder

Skill      XL: |  1  2 |
---------------+-------+-----
Polearms       | 2 |  2.6
Armour         | 3 |  3.3
Fighting       | |  3.3
Dodging        | |  0.3
Shields        | |  2.9

Action                   || total
-------------------------++-------
Melee: Trident           ||   146
Invok: Berserk           ||     2
  Eat: Chunk             ||     2
Armor: Scale mail        ||    58
Dodge: Dodged            ||    37
Block: Shield            ||    62
